AoeStats
← Jeffrey Epsteins urologist

Arabia

510004851Analyzed
1v1 RM · 3d ago on Sep 29, 2026· 46m 11s· 2 players
Game mode
Random Map
Map size
Tiny (2 player)
Population
200
Speed
Normal
Resources
Standard
Victory
Conquest
Starting age
Dark Age
Ending age
Imperial Age
RankedLock teamsTeams togetherTeam positionsShared explorationLock speedFull tech treeHidden civsTurbo modeCheats
Victory
Defeat
951
+15
🇨🇴 Franks · Colombia
921
-15
blackstail11
4:24 Loom
9:42 Feudal Age
20:51 Castle Age
19:51 Scale Barding Armor
21:26 Forging
21:01 Pikeman
28:20 Wheelbarrow
29:06 Stone Mining
33:17 Hand Cart
37:11 Imperial Age
39:29 Double-Bit Axe
40:05 Halberdier
40:36 Heavy Scorpion
43:35 Iron Casting
43:01 Scale Mail Armor
43:06 Light Cavalry
Jeffrey Epsteins urologist
8:10 Loom
9:56 Feudal Age
13:47 Double-Bit Axe
17:08 Scale Mail Armor
20:56 Castle Age
19:26 Gold Mining
20:40 Forging
20:52 Horse Collar
22:12 Pikeman
24:38 Scale Barding Armor
25:08 Iron Casting
28:14 Chain Barding Armor
28:15 Heavy Plow
33:48 Imperial Age
32:07 Bloodlines
33:52 Heavy Camel Rider
35:32 Wheelbarrow
35:22 Squires
35:45 Chain Mail Armor
36:45 Husbandry
40:13 Conscription
40:46 Bimaristan
42:47 Hand Cart
43:52 Plate Barding Armor
Connection lost

Rejoining the realm…

Still unreachable

The connection could not be restored.

Session expired

The server has moved on; the page needs a fresh start.